 Dungeon Crawl Stone Soup version 0.19-a0-750-ga427c98 (webtiles) character file.

101 TheGoonsmith the Conjurer (level 4, -8/40 HPs)
             Began as a High Elf Fire Elementalist on June 25, 2016.
             Killed by divine providence
             ... invoked by an orc priest
              (15 damage)
             ... on level 3 of the Dungeon.
             The game lasted 00:02:56 (2136 turns).

TheGoonsmith the Conjurer (HEFE)                    Turns: 2136, Time: 00:02:56

Health: -8/40      AC: 22    Str:  5 (7)  XL:     4   Next: 48%
Magic:  0/9        EV:  2    Int: 18 (19) God:
Gold:   104        SH:  0    Dex: 13 (16) Spells: 1 memorised, 8 levels left

rFire  . . .     SeeInvis .     d - +0 short sword
rCold  . . .     Gourm    .     (armour currently unavailable)
rNeg   + + +     Faith    .     (no shield)
rPois  +         Spirit   .     (helmet currently unavailable)
rElec  .         Dismiss  .     (cloak currently unavailable)
rCorr  .         Reflect  .     (gloves currently unavailable)
SustAt .         Harm     .     (boots currently unavailable)
MR     .....     NoTele   +     (no amulet)
Stlth  ++........               (no ring)
                                (no ring)

@: tree-form, not resistant to hostile enchantments, unstealthy
A: no striking features
a: no special abilities


You were on level 3 of the Dungeon.
You were hungry.
You were a tree.
You visited 1 branch of the dungeon, and saw 3 of its levels.

You collected 104 gold pieces.

Inventory:

Hand Weapons
 d - a +0 short sword (weapon)
Armour
 a - a +0 robe (melded)
 s - a +2 helmet (melded)
Magical Staves
 i - an uncursed staff of cold
Jewellery
 j - an uncursed ring of sustain attributes {unknown}
 k - an uncursed amulet of rage {unknown}
 m - a +6 ring of protection {unknown}
 t - a cursed ring of loudness {unknown}
Scrolls
 h - 2 scrolls of identify {unknown}
 o - a scroll of immolation {unknown}
 r - a scroll of recharging {unknown}
Potions
 e - a potion of degeneration
 g - 2 potions of lignification
 p - a potion of beneficial mutation {unknown}
 q - a potion of agility {unknown}
Books
 b - a book of Flames

   Spells                             Type                      Level
   a - Flame Tongue                   Conjuration/Fire             1
   b - Throw Flame                    Conjuration/Fire             2
   c - Conjure Flame                  Conjuration/Fire             3
   d - Inner Flame                    Hexes/Fire                   3
   e - Sticky Flame                   Conjuration/Fire             4
   f - Fireball                       Conjuration/Fire             5
 l - a book of Conjurations

   Spells                             Type                      Level
   a - Magic Dart                     Conjuration                  1
   b - Searing Ray                    Conjuration                  2
   c - Dazzling Spray                 Conjuration/Hexes            3
   d - Fulminant Prism                Conjuration/Hexes            4
   e - Iskenderun's Mystic Blast      Conjuration                  4
   f - Iskenderun's Battlesphere      Conjuration/Charms           5
Comestibles
 c - 3 bread rations
 f - a meat ration


   Skills:
 - Level 2.1 Dodging
 - Level 2.1 Stealth
 + Level 3.3 Spellcasting
 * Level 3.7 Conjurations
 + Level 3.5 Fire Magic


You had 8 spell levels left.
You knew the following spells:

 Your Spells              Type           Power        Failure   Level  Hunger
a - Flame Tongue          Conj/Fire      ###..        4%          1    None


Dungeon Overview and Level Annotations

Branches:
Dungeon (3/15)

Altars:
Trog
Uskayaw


Message History

You barely resist.
The orc priest hits you but does no damage.
You closely miss the orc priest.
The orc priest is severely wounded.
The orc priest invokes the aid of Beogh against you.
Beogh smites you!
* * * LOW HITPOINT WARNING * * *
Casting: Flame Tongue
Confirm with . or Enter, or press ? or * to list all spells.
Aiming: Flame Tongue
Press: ? - help, Shift-Dir - straight line, f/p - orc priest
Aim: an orc priest, wearing a leather armour (severely wounded)
The flame tongue hits the orc priest.
The orc priest is almost dead.
The orc priest hits you but does no damage.
You barely miss the orc priest.
The orc priest is almost dead.
The orc priest mumbles some strange prayers to Beogh against you.
Beogh smites you!
You die...

#..#..<#..###...
#.
#......#...#<._.
#.
##.#...#........
#.
#.#.#.#...#....
#.
#.#.#.#...[.#..
#.
#.....#...#.#..
#.
#...#######...#
##.###....o... .
#..♣o)........
######)..>....
#........
#........
#.(..###.
#...... #.(.....
#.#.##### #.#..


You could see an orc priest and an orc.

Vanquished Creatures
  An orc priest (D:3)
  3 adders (D:2)
  A worm (D:2)
  A dart slug (D:1)
  A giant gecko (D:1)
  2 orcs (D:3)
  A ball python (D:2)
  A giant cockroach (D:1)
  2 goblins
  9 hobgoblins
  5 kobolds (D:1)
  A quokka (D:2)
  3 bats
  5 giant newts
  3 rats
39 creatures vanquished.

Vanquished Creatures (others)
  A bat (D:2)
1 creature vanquished.

Grand Total: 40 creatures vanquished

Notes
Turn   | Place    | Note
--------------------------------------------------------------
     0 | D:1      | TheGoonsmith the High Elf Fire Elementalist began the quest for the Orb.
     0 | D:1      | Reached XP level 1. HP: 11/11 MP: 4/4
   333 | D:1      | Reached XP level 2. HP: 17/17 MP: 2/6
  1026 | D:2      | Reached XP level 3. HP: 17/21 MP: 0/8
  1165 | D:2      | Found a bloodstained altar of Trog.
  1956 | D:3      | Reached XP level 4. HP: 22/27 MP: 1/9
  2029 | D:3      | Noticed a hand axe
  2029 | D:3      | Noticed a dagger
  2050 | D:3      | Found a hide-covered altar of Uskayaw.
  2136 | D:3      | Killed from afar by an orc priest

Vault maps used:
D:1:      minmay_arrival_wavy_path
D:2:      bloody_trog, lemuel_old_faithful
D:3:      dancing_weapons_uskayaw, dk_yredelemnul_ordeal

Skill      XL: |  1  2  3 |
---------------+----------+-----
Conjurations   | 2 3 |  3.7
Spellcasting   | 3 |  3.3
Dodging        | |  2.1
Stealth        | |  2.1
Fire Magic     | |  3.5

Action                   |  1- 3 |  4- 6 || total
-------------------------+-------+-------++-------
Melee: Unarmed           |    38 |       ||    38
       Short sword       |     7 |     3 ||    10
 Cast: Flame Tongue      |    65 |    13 ||    78
  Use: Potion            |       |     3 ||     3
  Eat: Chunk             |     2 |     1 ||     3
Armor: Robe              |     4 |       ||     4
       Skin              |       |     4 ||     4
Dodge: Dodged            |    50 |     2 ||    52
